 Dungeon Crawl Stone Soup version 0.30-b1-2-g02819fbbbe (webtiles) character file.

Game seed: 12467559692790793998

7838 manyhoops the Sneak (level 10, -7/81 HPs)
             Began as a Demigod Earth Elementalist on Nov 21, 2023.
             Killed from afar by Fannar (34 damage)
             ... with a bolt of cold
             ... on level 10 of the Dungeon.
             The game lasted 00:15:48 (11625 turns).

manyhoops the Sneak (Demigod Earth Elementalist)   Turns: 11625, Time: 00:15:49

Health: -7/81      AC:  5    Str:  9    XL:     10   Next: 71%
Magic:  1/24       EV: 16    Int: 35    God:
Gold:   710        SH:  6    Dex: 20    Spells: 14/23 levels left

rFire   . . .        L - +2 whip (venom)
rCold   . . .        K - +0 buckler
rNeg    . . .        a - +0 robe
rPois   .            (helmet restricted)
rElec   .            e - +0 cloak
rCorr   .            D - +0 pair of gloves
SInv    .            H - +0 pair of boots
Will    +....        (no amulet)
Stlth   ++++         M - +6 ring of intelligence
HPRegen 0.33/turn    l - +6 ring of dexterity
MPRegen 0.19/turn

%: no passive effects
@: no status effects
A: high MP 1, forlorn, divine attributes, antennae 1, wild magic 1, MP-powered
wands
a: no special abilities


You were on level 10 of the Dungeon.
You visited 1 branch of the dungeon, and saw 10 of its levels.

You collected 710 gold pieces.

Inventory:

Hand Weapons
 E - a +4 mace of holy wrath
 L - a +2 whip of venom (weapon)
Missiles
 n - 2 throwing nets
Armour
 a - a +0 robe (worn)
 e - a +0 cloak (worn)
 D - a +0 pair of gloves (worn)
 H - a +0 pair of boots (worn)
 K - a +0 buckler (worn)
Jewellery
 l - a +6 ring of dexterity (right hand)
 u - a ring of wizardry
 y - a ring of ice
 M - a +6 ring of intelligence (left hand)
Wands
 k - a wand of mindburst (13)
 B - a wand of light (13)
 G - a wand of digging (5)
Scrolls
 d - 2 scrolls of magic mapping
 f - 3 scrolls of enchant weapon
 h - 6 scrolls of vulnerability
 j - 4 scrolls of teleportation
 m - 4 scrolls of fog
 p - a scroll of noise
 q - 2 scrolls of amnesia
 r - a scroll of torment
 s - a scroll of enchant armour
 w - a scroll of poison
 A - a scroll of immolation {unknown}
 I - a scroll of blinking {unknown}
Potions
 b - 4 potions of magic
 c - a potion of flight
 g - a potion of resistance {unknown}
 i - a potion of brilliance
 o - a potion of attraction {unknown}
 t - a potion of mutation
 v - a potion of cancellation {unknown}
 C - a potion of might {unknown}
 F - a potion of haste {unknown}
 J - a potion of curing


   Skills:
 - Level 5.4 Fighting
 - Level 7.4 Dodging
 - Level 7.4 Stealth
 - Level 6.0 Shields
 - Level 7.0 Spellcasting
 - Level 0.8 Transmutations
 - Level 5.5 Earth Magic


You had 14 spell levels left.
You knew the following spells:

 Your Spells              Type           Power      Damage    Failure   Level
a - Sandblast             Erth           100%       2d20      1%          1
b - Passwall              Tmut/Erth      37%        N/A       3%          2
c - Stone Arrow           Conj/Erth      82%        3d12      8%          3
d - Swiftness             Air            16%        N/A       21%         3

Your spell library contained the following spells:

 Spells                   Type           Power      Damage    Failure   Level
 Slow                     Hex            64%        N/A       8%          1
 Cigotuvi's Dreadful Rot  Necr/Pois/Air  32%        N/A       11%         2
 Ensorcelled Hibernation  Hex/Ice        32%        N/A       11%         2
 Lesser Beckoning         Tloc           32%        N/A       11%         2
 Petrify                  Tmut/Erth      45%        N/A       19%         4
 Gell's Gravitas          Tloc           16%        N/A       21%         3
 Teleport Other           Tloc           16%        N/A       21%         3
 Dispel Undead            Necr           16%        3d10      52%         4
 Agony                    Necr           16%        N/A       85%         5
 Silence                  Hex/Air        8%         N/A       85%         5
 Death Channel            Necr           8%         N/A       100%        6


Dungeon Overview and Level Annotations

Branches:
Dungeon (10/15)            Temple (0/1) D:6            Lair (0/5) D:9
    Orc (0/2) D:10

Shops:
D:1 :   D:4 =

Annotations:
D:3 1 runed translucent door, Crazy Yiuf
D:10 Fannar


Innate Abilities, Weirdness & Mutations

You have an increased reservoir of magic. (+10% MP)
You shall have no god before yourself.
Your divine heritage dramatically boosts your attributes as you level up.
You have a pair of small antennae on your head.
Your spells are a little harder to cast, but a little more powerful.
You expend magic power (3 MP) to strengthen your wands.


Message History

Press: ? - help, Shift-Dir - straight line, f/p - Fannar
Aim: Fannar, wielding a +0 quarterstaff of freezing, wearing a +2 robe of cold resistance and wearing a ring of ice (almost dead, extremely poisoned, 76% to hit)
The blast of sand hits Fannar.
Fannar is almost dead.
Fannar hits you with a +0 quarterstaff of freezing.
Fannar freezes you. The ice beast hits you. The ice beast freezes you!
Fannar casts a spell.
Fannar blinks!
Unknown command.
Okay, then.
Aiming: Mindburst
Press: ? - help, Shift-Dir - straight line, f/p - Fannar
Aim: Fannar, wielding a +0 quarterstaff of freezing, wearing a +2 robe of cold resistance and wearing a ring of ice (almost dead, extremely poisoned, chance to affect: 17%)
Okay, then.
Okay, then.
Aiming: Bolt of Light
Press: ? - help, Shift-Dir - straight line, p - Fannar
Okay, then.
The ice beast attacks as you move away! The ice beast closely misses you.
The ice beast misses you.
You whack the ice beast!
The ice beast is moderately wounded.
You block the ice beast's attack. The ice beast hits you.
The ice beast freezes you.
Fannar says, "I shall freeze you to your soul!"
You barely miss the ice beast.
The ice beast is moderately wounded.
The ice beast barely misses you. You block the ice beast's attack. x2
Casting: Sandblast (safe; 1% risk of failure)
Confirm with . or Enter, or press ? or * to list all spells.
Aiming: Sandblast (safe; 1% risk of failure)
Press: ? - help, Shift-Dir - straight line, f/p - Fannar
Aim: Fannar, wielding a +0 quarterstaff of freezing, wearing a +2 robe of cold resistance and wearing a ring of ice (almost dead, very poisoned, 76% to hit)
The blast of sand hits the ice beast!
The ice beast is heavily wounded.
The ice beast misses you. Fannar casts a spell at you.
The bolt of cold hits the ice beast.
The ice beast completely resists.
The bolt of cold hits you!!
You die...

### #.# #.# #. #.# #! #.# #.
#.# #. #.# # #.#
###.#######.#######.########
..............eY@Y.........#
...#####.#####.#####.####
...# #.# #.# #e# ...# #.#
#.# #.# ...# #.# #.# #Y#
...#####.#####.# #.#
...............#####e#######
####.#########.............#
#.# #.#####.......#


You could see Fannar (very poisoned) and 2 ice beasts.

Vanquished Creatures
  Josephine (D:10)
  A troll (D:9)
  A hornet (D:8)
  3 wraiths (D:10)
  A vampire (D:9)
  A wyvern (D:9)
  13 yaks
  2 steam dragons
  4 wargs (D:10)
  An acid dragon (D:9)
  2 water moccasins
  2 orc warriors (D:9)
  A sky beast (D:8)
  2 ice beasts
  2 centaurs
  2 kobold brigands
  4 bullfrogs
  2 scorpions (D:5)
  2 gnoll sergeants
  3 wights (D:9)
  9 killer bees
  An electric eel (D:9)
  3 howler monkeys
  2 orc priests
  4 hounds
  A sleepcap (D:6)
  2 jellies
  3 iguanas
  8 orc wizards
  9 gnolls
  6 adders
  2 river rats (D:4)
  A white imp (D:5)
  2 ufetubi
  2 dart slugs
  22 orcs
  5 endoplasms
  3 giant cockroaches
  5 goblins
  3 hobgoblins
  8 kobolds
  6 quokkas
  6 ball pythons
  A ball python zombie (D:3)
  5 bats
  3 frilled lizards
  5 goblin skeletons (D:5)
  A goblin zombie (D:5)
  3 hobgoblin zombies (D:5)
  3 kobold zombies (D:5)
  2 orc skeletons (D:5)
  2 orc zombies (D:5)
  A quokka zombie (D:3)
  5 rats (D:1)
194 creatures vanquished.

Vanquished Creatures (collateral kills)
  A wraith (D:10)
  2 acid dragons (D:10)
3 creatures vanquished.

Grand Total: 197 creatures vanquished

Notes
Turn   | Place    | Note
-------+----------+-------------------------------------------
     0 | D:1      | manyhoops the Demigod Earth Elementalist began the quest
                  | for the Orb.
     0 | D:1      | Reached XP level 1. HP: 14/14 MP: 5/5
   248 | D:1      | Found Sulul's Vocational Training.
   364 | D:1      | Reached XP level 2. HP: 15/20 MP: 4/7
  1106 | D:2      | Reached XP level 3. HP: 26/26 MP: 7/9
  1633 | D:3      | Found a runed translucent door.
  1634 | D:3      | Noticed Crazy Yiuf
  1950 | D:3      | Reached XP level 4. HP: 16/33 MP: 3/11
  2657 | D:4      | Reached XP level 5. HP: 28/38 MP: 6/13
  2724 | D:4      | Found Vegyc's Jewellery Emporium.
  3075 | D:4      | Found a glowing drain.
  3267 | D:5      | Entered Level 5 of the Dungeon
  3441 | D:5      | You fall into a shaft and drop 2 floors!
  3461 | D:7      | Reached XP level 6. HP: 2/45 MP: 8/15
  3850 | D:7      | Noticed a steam dragon
  3925 | D:6      | Reached skill level 5 in Earth Magic
  4042 | D:6      | Found a staircase to the Ecumenical Temple.
  4657 | D:5      | Got Sif Muna's Reference Book on the Entranced Dead
  4949 | D:5      | Reached skill level 1 in Fighting
  4949 | D:5      | Reached XP level 7. HP: 29/52 MP: 12/16
  5677 | D:7      | Killed a steam dragon
  5681 | D:7      | Learned a level 2 spell: Passwall
  5685 | D:7      | Learned a level 3 spell: Stone Arrow
  5689 | D:7      | Learned a level 3 spell: Swiftness
  6150 | D:7      | Reached XP level 8. HP: 62/62 MP: 14/17
  6478 | D:8      | Gained mutation: You sometimes lose your temper in combat.
                  | [potion of mutation]
  6478 | D:8      | Gained mutation: Your muscles are strong. (Str +4, Int/Dex
                  | -1) [potion of mutation]
  6479 | D:8      | Lost mutation: You sometimes lose your temper in combat.
                  | [potion of mutation]
  6479 | D:8      | Lost mutation: Your muscles are strong. (Str +4, Int/Dex
                  | -1) [potion of mutation]
  6479 | D:8      | Gained mutation: You expend magic power (3 MP) to
                  | strengthen your wands. [potion of mutation]
  6479 | D:8      | Gained mutation: Your spells are a little harder to cast,
                  | but a little more powerful. [potion of mutation]
  6479 | D:8      | Gained mutation: You have a pair of small antennae on your
                  | head. [potion of mutation]
  6593 | D:8      | Reached skill level 5 in Stealth
  6599 | D:8      | Reached skill level 5 in Dodging
  7417 | D:8      | Reached XP level 9. HP: 65/72 MP: 2/18
  8085 | D:8      | Reached skill level 5 in Fighting
  8581 | D:9      | Found a staircase to the Lair.
  9070 | D:9      | Reached skill level 1 in Shields
  9818 | D:9      | Reached XP level 10. HP: 81/81 MP: 5/19
 10054 | D:9      | Reached skill level 5 in Shields
 10643 | D:10     | Entered Level 10 of the Dungeon
 10643 | D:10     | Noticed Fannar
 10935 | D:10     | Reached skill level 5 in Spellcasting
 11119 | D:10     | Found a staircase to the Orcish Mines.
 11129 | D:10     | Noticed Josephine
 11236 | D:10     | Killed Josephine
 11242 | D:10     | HP: 3/81 [wraith[Josephine] (7)]
 11625 | D:10     | Killed from afar by Fannar

Illustrated notes

Levels and vault maps discovered:
D:1:      psy_arrival_basics, layout_basic, grunt_decor_arrowhead,
          minmay_misc_feat_square, roderic_serpentine_path, minmay_door_square,
          nicolae_shop_vocational
D:2:      layout_rooms, hangedman_abyss_or_decor_lesser_grid
D:3:      layout_loops_cross, lemuel_zombie_altar_yredelemnul, xom_redecorated,
          nicolae_dithmenos_through_a_glass_darkly,
          chequers_ecumenical_altar_island, uniq_crazy_yiuf_cottage
D:4:      layout_basic, lemuel_doored_altar, portal_sewer_entry_b,
          minmay_shop_enchanted_jewellery, minmay_misc_feat_ornament
D:5:      layout_rooms, nicolae_tso_besieged_by_evil
D:6:      layout_basic, grunt_temple_overflow_growth_and_decay,
          amcnicky_altar_gilded, mainiacjoe_overflow_brackets,
          minmay_temple_entry_nine_rooms, grunt_ministairs_10
D:7:      layout_cave_pods, mainiacjoe_overflow_paths, vehumet_crystals,
          mainiacjoe_overflow_alcove_4
D:8:      layout_basic
D:9:      wad_river_or_something, layout_long_grid, kennysheep_little_box,
          nicolae_zen_rock_garden, chequers_serial_rivers_small_a
D:10:     layout_small_grid, kennysheep_slug_shrine,
          minmay_orc_entry_guard_dogs, serial_shops,
          nicolae_shop_bloodbath_and_beyond, uniq_fannar, uniq_gastronok,
          uniq_josephine

Skill      XL: |  1  2  3  4  5  6  7  8  9 10 |
---------------+-------------------------------+-----
Earth Magic    | 3 4 5 |  5.5
Spellcasting   | 2 3 4 7 |  7.0
Stealth        | 2 4 6 7 |  7.4
Dodging        | 2 4 6 7 |  7.4
Fighting       | 1 2 4 5 |  5.4
Shields        | 4 6 |  6.0
Transmutations | |  0.8

Action                     |  1- 3 |  4- 6 |  7- 9 | 10-12 || total
---------------------------+-------+-------+-------+-------++-------
  Melee: Unarmed           |     3 |       |       |       ||     3
         Whip              |     9 |     6 |     1 |     8 ||    24
         Mace              |       |       |     6 |       ||     6
   Cast: Sandblast         |    63 |   104 |   114 |    53 ||   334
         Stone Arrow       |       |       |    49 |    34 ||    83
  Evoke: Wand              |       |       |       |     5 ||     5
    Use: Scroll            |       |     4 |     6 |     3 ||    13
         Potion            |       |     4 |     3 |     1 ||     8
 Armour: Robe              |     9 |    15 |    20 |     4 ||    48
  Dodge: Dodged            |    33 |    31 |    83 |    58 ||   205
  Block: Buckler           |       |       |     6 |    30 ||    36
